 Dungeon Crawl Stone Soup version 0.29-a0-872-g797fff5ad1 (webtiles) character file.

Game seed: 13193855729056338410

1078 ragingrage the Cleaver (level 8, -2/58 (60) HPs)
             Began as a Formicid Abyssal Knight on July 18, 2022.
             Was an Elder of Lugonu.
             Slain by a scorpion (6 damage)
             ... on level 5 of the Dungeon.
             The game lasted 00:04:14 (3749 turns).

ragingrage the Cleaver (Formicid Abyssal Knight)    Turns: 3749, Time: 00:04:15

HP:   -2/58 (60)    AC:  6    Str: 20    XL:     8   Next: 54%
MP:   9/9           EV: 12    Int: 10    God:    Lugonu [****..]
Gold: 285           SH:  0    Dex: 14    Spells: 7/7 levels left

rFire   + . .      SeeInvis +   j - +11 spear of Unwoneid {vorpal, rF+}
rCold   . . .      Faith    .   (no shield)
rNeg    + . .      Spirit   .   n - +1 robe {Will+}
rPois   .          Reflect  .   (helmet unavailable)
rElec   .          Harm     .   (no cloak)
rCorr   .          Rampage  .   (no gloves)
Will    +....                   b - +2 pair of boots
Stlth   +.........              (no amulet)
HPRegen 0.19/turn               l - ring of positive energy
MPRegen 0.11/turn               (no ring)

@: mighty, lethally poisoned (-2 -> -9), lightly drained
A: permanent stasis, dig shafts and tunnels, antennae 3, four strong arms
a: Dig, Shaft Self, Renounce Religion, Depart the Abyss, Bend Space, Banish,
Corrupt


You were on level 5 of the Dungeon.
You worshipped Lugonu.
Lugonu was greatly pleased with you.
You visited 1 branch of the dungeon, and saw 5 of its levels.
You visited the Abyss 1 time.

You collected 285 gold pieces.

Inventory:

Hand Weapons
 e - a +0 war axe
 j - the +11 spear of Unwoneid (weapon) {vorpal, rF+}
   (You found it on level 2 of the Dungeon)

   It inflicts extra damage upon your enemies.
   rF:        It protects you from fire.
Missiles
 c - 2 throwing nets
Armour
 b - a +2 pair of boots (worn)
 n - a +1 robe of willpower (worn)
Jewellery
 l - a ring of positive energy (left hand)
 x - a ring of ice
Wands
 p - a wand of flame (10) (quivered)
Scrolls
 d - a scroll of teleportation {unknown}
 f - a scroll of acquirement {unknown}
 g - 3 scrolls of amnesia {unknown}
 i - 2 scrolls of poison {unknown}
 k - 2 scrolls of identify {unknown}
 o - a scroll of magic mapping {unknown}
 q - 5 scrolls of fog {unknown}
 r - a scroll of vulnerability {unknown}
 t - a scroll of enchant armour {unknown}
 u - a scroll of summoning {unknown}
 w - a scroll of fear {unknown}
Potions
 h - a potion of haste {unknown}
 m - a potion of attraction
 s - a potion of brilliance {unknown}
 v - 2 potions of might
 z - a potion of flight {unknown}
 A - a potion of ambrosia {unknown}


   Skills:
 + Level 3.9 Fighting
 * Level 9.1 Axes
 - Level 3.0 Armour
 + Level 1.9 Dodging
 - Level 2.1 Invocations


You had 7 spell levels left.
You didn't know any spells.
Your spell library contained the following spells:

 Spells                   Type           Power      Damage    Failure   Level
 Summon Small Mammal      Summ           0%         N/A       36%         1
 Ensorcelled Hibernation  Hex/Ice        0%         N/A       50%         2
 Call Canine Familiar     Summ           0%         N/A       75%         3
 Portal Projectile        Hex/Tloc       0%         N/A       75%         3
 Spider Form              Tmut/Pois      0%         N/A       75%         3
 Summon Guardian Golem    Hex/Summ       0%         N/A       75%         3
 Anguish                  Hex/Necr       0%         N/A       98%         4
 Leda's Liquefaction      Hex/Erth       0%         N/A       98%         4


Dungeon Overview and Level Annotations

Branches:
Dungeon (5/15)             Temple (0/1) D:4

Altars:
Elyvilon
Fedhas
Gozag
Makhleb
Nemelex Xobeh
Okawaru
Ru
Vehumet

Shops:
D:1 =

Annotations:
D:4 3 runed translucent doors, gdog's ghost, amateur GnDe


Innate Abilities, Weirdness & Mutations

You cannot be hasted, slowed, berserked, paralysed or teleported.
You can dig through walls and to a lower floor.
You have a pair of large antennae on your head. (SInv)
Your four strong arms can wield two-handed weapons with a shield.


Message History

a +0 club; a +2 leather armour of cold resistance; a +0 giant spiked club You closely miss the necrophage.
The necrophage hits you but does no damage.
The necrophage attacks as you move away!
The necrophage hits you. You partially resist.
You feel drained.
You are too injured to fight recklessly!
You are too injured to fight recklessly!
You hit the necrophage.
The necrophage is lightly damaged.
The necrophage barely misses you.
You puncture the necrophage!
The necrophage is severely damaged.
The necrophage hits you. You partially resist.
You feel drained.
You barely miss the necrophage. Your punch misses the necrophage.
The necrophage is severely damaged.
The necrophage hits you. You partially resist.
You feel drained.
You puncture the necrophage!
You destroy the necrophage!
Lugonu accepts your kill.
The orc wizard casts a spell.
The orc wizard flickers and vanishes for a moment.
Training target 3.0 for Armour reached!
Your Armour skill increases to level 3!
You puncture the scorpion!
The scorpion is severely wounded.
The scorpion stings you.
The orc wizard hits you from afar with a +0 trident.
You hit the scorpion.
The scorpion is almost dead.
The scorpion stings you.
* * * LOW HITPOINT WARNING * * *
You are poisoned.
The scorpion poisons you!
It was a potion of might.
You feel very mighty all of a sudden.
You feel very sick.
The orc wizard hits you from afar with a +0 trident!
* * * LOW HITPOINT WARNING * * *
The scorpion stings you.
You die...

...# . ....# ..
####....# ...
####.......#
....#..........#
.#.......#....#
....#..### ####
..).#..# #.##@#
#..#s## #.#.o##
#.....##
.....##'#..##
#### #).##..###
#....#....##
.'....####..#
.{.##..## ##.#


You could see a scorpion and an orc wizard (invisible).

Vanquished Creatures
  A black bear (D:5)
  An ice beast (D:5)
  3 ogres (D:5)
  2 scorpions (D:5)
  A necrophage (D:5)
  A jelly (D:4)
  A hound (D:5)
  Jessica (D:2)
  4 iguanas
  Natasha (thrice) (D:4)
  Robin (D:3)
  3 gnolls (D:4)
  6 adders
  3 dart slugs
  8 orcs
  4 endoplasms
  4 giant cockroaches
  9 hobgoblins
  14 jackals
  10 kobolds
  4 quokkas
  4 ball pythons
  2 bats (D:1)
  5 frilled lizards
  12 goblins
  6 rats
113 creatures vanquished.

Notes
Turn   | Place    | Note
-------+----------+-------------------------------------------
     0 | Abyss:1  | ragingrage the Formicid Abyssal Knight began the quest for
                  | the Orb.
     0 | Abyss:1  | Reached XP level 1. HP: 18/18 MP: 2/2
     2 | Abyss:1  | Found a corrupted altar of Lugonu.
    26 | D:1      | Escaped the Abyss
   118 | D:1      | Reached XP level 2. HP: 24/24 MP: 3/3
   363 | D:1      | Reached skill level 3 in Axes
   579 | D:1      | Reached XP level 3. HP: 28/29 MP: 4/4
   635 | D:1      | Found Efor's Jewellery Shoppe.
   742 | D:1      | Reached *** piety under Lugonu
   959 | D:2      | Identified the +11 spear of Unwoneid {vorpal, rF+}
  1019 | D:2      | Noticed Jessica
  1028 | D:2      | Killed Jessica
  1029 | D:2      | Reached skill level 4 in Axes
  1029 | D:2      | Reached XP level 4. HP: 31/35 MP: 5/5
  1629 | D:3      | Noticed Robin
  1632 | D:3      | Killed Robin
  1633 | D:3      | Reached XP level 5. HP: 41/41 MP: 6/6
  1653 | D:3      | Found a burning altar of Makhleb.
  1729 | D:3      | Reached skill level 5 in Axes
  2061 | D:3      | Reached **** piety under Lugonu
  2338 | D:4      | Noticed Natasha
  2343 | D:4      | Killed Natasha
  2344 | D:4      | Reached XP level 6. HP: 47/47 MP: 7/7
  2454 | D:4      | Reached skill level 6 in Axes
  2456 | D:4      | Noticed Natasha
  2463 | D:4      | Killed Natasha
  2584 | D:4      | Found a sacrificial altar of Ru.
  2587 | D:4      | Found an opulent altar of Gozag.
  2587 | D:4      | Found a sparkling altar of Nemelex Xobeh.
  2589 | D:4      | Found a blossoming altar of Fedhas.
  2589 | D:4      | Found a radiant altar of Vehumet.
  2772 | D:4      | Found an iron altar of Okawaru.
  2772 | D:4      | Found a white marble altar of Elyvilon.
  2790 | D:4      | Reached XP level 7. HP: 45/52 MP: 8/8
  2851 | D:4      | Noticed Natasha
  2858 | D:4      | Killed Natasha
  2859 | D:4      | Reached skill level 7 in Axes
  2884 | D:4      | Found a staircase to the Ecumenical Temple.
  2926 | D:4      | Found a runed translucent gate.
  2927 | D:4      | Found a runed translucent gate.
  2928 | D:4      | Found a runed translucent gate.
  2930 | D:4      | Identified the +8 chain mail of the Raven {rC- Dex+3 SInv}
  2930 | D:4      | Noticed gdog's ghost (amateur GnDe)
  2930 | D:4      | Identified the +1 plate armour "Biwneyca" {Dex+4}
  3105 | D:5      | Entered Level 5 of the Dungeon
  3601 | D:5      | Reached skill level 8 in Axes
  3608 | D:5      | Reached XP level 8. HP: 45/58 MP: 9/9
  3679 | D:5      | Reached skill level 1 in Dodging
  3738 | D:5      | Reached skill level 9 in Axes
  3749 | D:5      | Slain by a scorpion

Illustrated notes

Levels and vault maps discovered:
D:1:      evilmike_arrival_crescent, layout_rooms, serial_shops,
          nicolae_shop_advertising_works [nicolae_subvault_shop_adworks]
D:2:      layout_rooms, hex_medium, uniq_jessica
D:3:      layout_basic, nicolae_overflow_crystal_walls, uniq_robin
D:4:      layout_rooms, grunt_temple_overflow_open, temple_doors_cd,
          biasface_ghost_orc_armoury, uniq_natasha
D:5:      minmay_bubble_buster, layout_rooms, uniq_grinder

Skill      XL: |  1  2  3  4  5  6  7  8 |
---------------+-------------------------+-----
Axes           | 3 4 5 6 8 9 |  9.1
Dodging        | 1 |  1.9
Armour         | 3 |  3.0
Fighting       | |  3.9
Invocations    | |  2.1

Action                   |  1- 3 |  4- 6 |  7- 9 || total
-------------------------+-------+-------+-------++-------
Melee: Hand axe          |    67 |       |       ||    67
       Punch             |     1 |     1 |       ||     2
       Spear             |     8 |   111 |    65 ||   184
Evoke: Wand              |       |       |     7 ||     7
  Use: Potion            |       |     3 |     1 ||     4
 Stab: Sleeping          |     1 |     1 |       ||     2
       Distracted        |       |       |     1 ||     1
Armor: Leather armour    |    19 |       |       ||    19
       Robe              |       |    24 |    13 ||    37
Dodge: Dodged            |    45 |    24 |    14 ||    83

Table legend: (Time is in decaauts)
 A = Elapsed time spent in this place.
 B = Non-inter-level travel time spent in this place.
 C = Inter-level travel time spent in this place.
 D = Time resting spent in this place.
 E = Time spent auto-exploring this place.
 F = Levels seen in this place.
 G = Mean time per level.
                   A        B        C        D        E       F      G
               +--------+--------+--------+--------+--------+-----+--------+
         Total |   3740 |   3651 |     89 |    738 |   2207 |   6 |  623.3 |
       Dungeon |   3714 |   3625 |     89 |    738 |   2207 |   5 |  742.8 |
         Abyss |     26 |     26 |      0 |      0 |      0 |   1 |   26.0 |
               +--------+--------+--------+--------+--------+-----+--------+

Top non-repeatable levels by time:
     D:1: 929 daAuts
     D:4: 768 daAuts
     D:3: 700 daAuts
     D:2: 681 daAuts
     D:5: 634 daAuts
 Abyss:1: 26 daAuts
